 Dungeon Crawl Stone Soup version 0.29.0-4-gdea44cf6ec (webtiles) character file.

Game seed: 14833075358113117400

185801 qw the Peltast (level 17, -8/166 HPs)
             Began as a Minotaur Berserker on Sept 10, 2022.
             Was an Elder of Trog.
             Mangled by an eight-headed hydra (18 damage)
             ... called by a spriggan druid
             ... on level 3 of the Swamp.
             The game lasted 00:12:03 (34341 turns).

qw the Peltast (Minotaur Berserker)                Turns: 34341, Time: 00:12:04

Health: -8/166     AC: 23    Str: 28    XL:     17   Next: 82%
Magic:  16/16      EV: 17    Int:  7    God:    Trog [****..]
Gold:   2872       SH: 29    Dex: 19    Spells: 16/16 levels left

rFire   + . .      SeeInvis +   z - +0 morningstar
rCold   x . .      Faith    .   g - +2 tower shield
rNeg    . . .      Spirit   .   w - +4 plate armour
rPois   +          Reflect  +   l - +0 mask of the Dragon {Will+ Slay+3 SInv}
rElec   .          Harm     .   x - +1 cloak
rCorr   .          Rampage  .   v - +2 pair of gloves
Will    ++...                   k - +2 pair of boots
Stlth   ..........              o - amulet of reflection
HPRegen 0.37/turn               i - ring "Xica" {Fire rPois Str+2 Dex+4}
MPRegen 0.15/turn               t - +4 ring of evasion

@: corroded, on berserk cooldown, slowed, very slow
A: horns 2, retaliatory headbutt, agile 1, clever 1, screaming 1
a: Renounce Religion, Berserk, Trog's Hand, Brothers in Arms


You were on level 3 of the Swamp.
You worshipped Trog.
Trog was greatly pleased with you.
You visited 5 branches of the dungeon, and saw 28 of its levels.

You collected 3060 gold pieces.
You spent 188 gold pieces at shops.


Innate Abilities, Weirdness & Mutations

You have a pair of horns on your head.
You reflexively headbutt those who attack you in melee.
You are agile. (Dex +4, Str/Int -1)
Your mind is acute. (Int +4, Str/Dex -1)
You occasionally shout uncontrollably at your foes.


   Skills:
 - Level 18.8 Fighting
 - Level 18.0 Axes
 - Level 8.3 Throwing
 + Level 15.6 Armour
 - Level 12.0 Dodging
 - Level 19.0 Shields


You had 16 spell levels left.
You didn't know any spells.
Your spell library was empty.

Inventory:

Hand Weapons
 z - a +0 morningstar (weapon)
 Y - a +2 broad axe of freezing
Missiles
 m - 7 boomerangs
 q - 6 javelins (quivered)
Armour
 e - the +0 pair of gloves of Tubrigog {Harm Will+++ Regen+ Int-4}
   (You found it on level 2 of the Spider Nest)

   Int:       It affects your intelligence (-4).
   Regen:     It increases your rate of health regeneration.
   Harm:      It increases damage dealt and taken.
   Will:      It greatly increases your willpower.
 g - a +2 tower shield (worn)
 k - a +2 pair of boots (worn)
 l - the +0 mask of the Dragon (worn) {Will+ Slay+3 SInv}
   (You found it on level 3 of the Dungeon)

   Slay:      It affects your accuracy & damage with ranged weapons and melee
   (+3).
   SInv:      It lets you see invisible.
   Will:      It increases your willpower.
 v - a +2 pair of gloves (worn)
 w - a +4 plate armour (worn)
 x - a +1 cloak (worn)
Jewellery
 b - a +4 ring of slaying {mikee}
 i - the ring "Xica" (left hand) {Fire rPois Str+2 Dex+4}
   (You acquired it on level 4 of the Lair of Beasts)

   [ring of fire]

   It enhances your fire magic.
   Str:       It affects your strength (+2).
   Dex:       It affects your dexterity (+4).
   rF:        It protects you from fire.
   rC:        It makes you vulnerable to cold.
   rPois:     It protects you from poison.
 n - the amulet of Elemental Vulnerability {rPois rF-- rC-- AC+8}
   (You took it off a centaur on level 10 of the Dungeon)

   [amulet of nothing]

   AC:        It affects your AC (+8).
   rF:        It makes you very vulnerable to fire.
   rC:        It makes you very vulnerable to cold.
   rPois:     It protects you from poison.
 o - an amulet of reflection (around neck)
 s - a ring of see invisible
 t - a +4 ring of evasion (right hand)
Wands
 r - a wand of digging (9)
Scrolls
 d - 12 scrolls of teleportation
 f - 5 scrolls of identify
Potions
 a - 2 potions of cancellation
 c - 8 potions of mutation
 h - 4 potions of might
 j - 10 potions of curing
 p - 2 potions of haste

Dungeon Overview and Level Annotations

Branches:
Dungeon (15/15)            Temple (0/1) D:7            Lair (5/5) D:9
  Swamp (3/4) Lair:2       Spider (3/4) Lair:3        Slime (0/5) Lair:5
    Orc (2/2) D:9             Elf (0/3) Orc:2        Vaults (0/5) D:13
 Depths (0/4) D:15

Altars:
Cheibriados
Dithmenos
Elyvilon
Hepliaklqana
Makhleb
Ru
Trog
Uskayaw
Xom
Jiyva

Shops:
D:4 [   Orc:2 (*:[

Portals:
Hell: Lair:5

Annotations:
D:4 Natasha
D:7 1 runed translucent door, Crazy Yiuf
D:15 2 runed translucent doors, Boahovan's ghost, journeyman DsGl
Lair:1 2 transporters, qw's ghost, journeyman TrCA
Swamp:3 1 transporter
Orc:1 1 transporter


Message History

34339 ||| SWAPPING to +0 morningstar.
Your +2 broad axe of freezing stops glowing.
z - a +0 morningstar (weapon)
You block the goliath frog's attack.
34340 ||| Stepping ~*~*~tactically~*~*~ (water).
The bunyip attacks as you move away! You block the bunyip's attack.
The bunyip claws you!! You block the bunyip's attack.
The eight-headed hydra is no longer moving slowly.
You block the goliath frog's attack. The goliath frog hits you!
The acid corrodes you!
You are splashed with acid.
The alligator bites you! The alligator tail-slaps you.
The alligator misses you. You furiously retaliate!
You headbutt the alligator. You block the alligator's attack.
The eight-headed hydra bites you but does no damage. x2
The eight-headed hydra barely misses you.
The eight-headed hydra closely misses you.
The eight-headed hydra bites you but does no damage.
The eight-headed hydra bites you!
The eight-headed hydra bites you but does no damage.
The eight-headed hydra barely misses you.
The goliath frog hits you! The acid corrodes you!
You are splashed with acid!
You thump the goliath frog!
The goliath frog is heavily wounded.
The alligator bites you but does no damage.
The alligator misses you. You block the goliath frog's attack.
The eight-headed hydra bites you but does no damage.
You block the eight-headed hydra's attack. x2
The eight-headed hydra bites you!
The eight-headed hydra closely misses you.
You block the eight-headed hydra's attack.
The eight-headed hydra completely misses you.
The eight-headed hydra closely misses you.
The alligator closely misses you. The alligator tail-slaps you!
The goliath frog hits you but does no damage.
The eight-headed hydra bites you but does no damage.
The eight-headed hydra bites you!
You block the eight-headed hydra's attack.
The eight-headed hydra bites you.
The eight-headed hydra bites you but does no damage. x2
The eight-headed hydra bites you! The eight-headed hydra bites you!!
You die... ~7¤~.~ 7¤7.77 ~.7..$ 7~.~~¤ ...~~. ....~7 ~~....77....77 $..# .~..~....~~7 ?8##. .~~~.~.$7 ###.. 7~)i.~.7 ....~ 77DFx$7

.~~.. ~ 7.t@~77
..~~..~.~ ~.77~~.~.7
.~.~.~~~~~~~.....~777
.~...~~~~~~~~.~.~~7~77
7.~.~~~~~~~~~.~.¤.~..7
....~~~..~~~~.....~.~7
~..~~~~.<~~~~~.~.~~~777


777 7.~~~~~~.~~~~.¤....~7.7777.77 ~..~~~~~~~~~~..~~.~...~7.~~.7 You could see a
bunyip, an alligator (swift), an eight-headed hydra (strong), a goliath frog
(strong) and a spriggan.

Vanquished Creatures
  Rupert (D:15)
  A thorn hunter (Swamp:2)
  Donald (Swamp:2)
  Aizul (Swamp:2)
  A frost giant (D:15)
  An orc warlord (Orc:2)
  2 emperor scorpions
  2 broodmothers
  8 eleionomae
  2 spark wasps
  An ettin (D:15)
  Fannar (D:10)
  8 vault guards (D:13)
  2 jorogumos (Spider:3)
  14 hydras
  A ghost crab (Swamp:1)
  2 boulder beetles (D:13)
  A catoblepas (D:14)
  4 radroaches
  2 centaur warriors (D:15)
  A hell beast (Lair:5)
  6 alligators
  A tengu warrior (D:15)
  Urug (D:10)
  6 two-headed ogres
  An orc high priest (Orc:2)
  3 pharaoh ants
  Amaemon (D:10)
  2 death drakes (Swamp:3)
  A deep troll (D:15)
  4 spriggan druids
  4 orb spiders
  2 swamp dragons
  2 goliath frogs
  Pikel (D:8)
  5 steelbarb worms
  6 bog bodies
  6 deep elf zephyrmancers
  A wizard (Lair:5)
  5 orc knights
  A necromancer (D:15)
  9 wolf spiders
  7 deep elf pyromancers
  9 ugly things (D:14)
  5 orc sorcerers
  6 cyclopes
  4 will-o-the-wisps
  Maurice (D:11)
  A moth of wrath (Spider:2)
  A manticore (D:14)
  4 elephants
  3 black mambas
  A smoke demon (Lair:5)
  3 orange demons
  Maggie (D:9)
  18 cane toads
  5 torpor snails
  6 rime drakes
  An unseen horror (D:13)
  A rime drake (shapeshifter) (D:14)
  4 demonic crawlers
  13 komodo dragons
  A freezing wraith (D:14)
  A tengu conjurer (D:15)
  3 ice devils (Lair:5)
  4 guardian mummies (D:14)
  2 trolls
  3 meliai (Spider:3)
  5 tyrant leeches
  6 hornets
  Prince Ribbit (D:6)
  26 blink frogs
  A tarantella (shapeshifter) (D:13)
  13 tarantellas
  24 dream sheep
  9 slime creatures (D:12)
  41 jumping spiders
  Sigmund (D:3)
  3 shadows
  6 spriggans
  5 wyverns
  3 wraiths
  59 yaks
  25 culicivoras
  5 hogs
  3 basilisks
  29 redbacks
  16 vampire mosquitoes
  6 wargs
  Edmund (D:5)
  10 swamp worms
  18 water moccasins
  An acid dragon (D:9)
  4 hell hounds (Lair:5)
  An ice beast (D:5)
  27 orc warriors
  A swamp drake (Swamp:2)
  2 sky beasts (D:7)
  A black bear (D:8)
  10 ogres
  7 centaurs
  3 boggarts (D:14)
  12 wolves
  A phantom (D:5)
  A kobold brigand (D:9)
  Blork the orc (D:6)
  15 bullfrogs
  4 necrophages
  A gnoll sergeant (D:12)
  A wight (D:9)
  3 scorpions
  9 killer bees
  An electric eel (Spider:1)
  4 howler monkeys
  2 hounds (D:5)
  28 orc priests
  2 gnoll boudas
  3 jellies
  Natasha (twice) (D:4)
  Terence (D:2)
  5 hell rats (Lair:5)
  4 iguanas
  36 orc wizards
  3 mummies (D:14)
  Robin (D:2)
  17 gnolls
  7 adders
  2 white imps
  An ufetubus (D:5)
  2 worms
  5 dart slugs
  73 orcs
  8 endoplasms
  4 giant cockroaches
  28 goblins
  12 hobgoblins
  5 jackals
  6 quokkas
  11 ball pythons
  5 bats
  7 frilled lizards
  12 kobolds
  5 rats
  A briar patch (Swamp:2)
957 creatures vanquished.

Vanquished Creatures (collateral kills)
  Kirke (Lair:5)
  2 spark wasps (Spider:3)
  3 hydras
  A death scarab (Spider:3)
  A steelbarb worm (Spider:3)
  An orb spider (Spider:2)
  A rime drake (Lair:5)
  A komodo dragon (Lair:5)
  A tarantella (Spider:3)
  2 blink frogs (Lair:5)
  A culicivora (Spider:2)
  A yak (Lair:1)
  A redback (Spider:3)
  A boggart (D:14)
  A mummy (D:14)
  A gnoll (D:10)
20 creatures vanquished.

Vanquished Creatures (others)
  A bunyip (Swamp:1)
  A wolf spider (Spider:2)
  2 bloated husks (Swamp:1)
  A human (Lair:5)
  A swamp worm (Swamp:1)
  2 briar patches (Swamp:2)
  A bush (Lair:5)
  4 foxfires
  39 fungi
  55 plants
107 creatures vanquished.

Grand Total: 1084 creatures vanquished

Notes
Turn   | Place    | Note
-------+----------+-------------------------------------------
     0 | D:1      | qw the Minotaur Berserker began the quest for the Orb.
     0 | D:1      | Reached XP level 1. HP: 19/19 MP: 0/0
     0 | D:1      | 0 ||| qw: Version: 0.1-a-116-g5d60599
     0 | D:1      | 0 ||| qw: Game counter: 7565
     0 | D:1      | 0 ||| qw: Always use a shield: true
     0 | D:1      | 0 ||| qw: Do Orc after D:15 true
     0 | D:1      | 0 ||| qw: Do second Lair branch before Depths: true
     0 | D:1      | 0 ||| qw: Lair rune preference: random
     0 | D:1      | 0 ||| qw: Plans: Normal
     0 | D:1      | 0 ||| PLANNING D:1-11
    45 | D:1      | 45 ||| Stepping ~*~*~tactically~*~*~ (hiding).
    54 | D:1      | 54 ||| Stepping ~*~*~tactically~*~*~ (stealth).
    56 | D:1      | 56 ||| Stepping ~*~*~tactically~*~*~ (stealth).
    60 | D:1      | 60 ||| Stepping ~*~*~tactically~*~*~ (stealth).
    62 | D:1      | 62 ||| Stepping ~*~*~tactically~*~*~ (stealth).
    64 | D:1      | 64 ||| Stepping ~*~*~tactically~*~*~ (stealth).
    72 | D:1      | 72 ||| INVOKING Berserk.
    74 | D:1      | Reached XP level 2. HP: 19/26 MP: 1/1
   143 | D:1      | 143 ||| Stepping ~*~*~tactically~*~*~ (stealth).
   300 | D:1      | 300 ||| DROPPING +0 club.
   341 | D:1      | 341 ||| Stepping ~*~*~tactically~*~*~ (hiding).
   344 | D:1      | 344 ||| Stepping ~*~*~tactically~*~*~ (hiding).
   380 | D:1      | 380 ||| Stepping ~*~*~tactically~*~*~ (stealth).
   382 | D:1      | 382 ||| Stepping ~*~*~tactically~*~*~ (stealth).
   620 | D:1      | Reached XP level 3. HP: 28/31 MP: 2/2
   763 | D:1      | 763 ||| Stepping ~*~*~tactically~*~*~ (stealth).
   956 | D:1      | 956 ||| UPGRADING to +0 ring mail.
   966 | D:1      | 966 ||| DROPPING +0 animal skin.
   967 | D:1      | 967 ||| READING scroll labelled OGUGGOL WUSUP.
   968 | D:1      | 968 ||| READING scroll labelled RIAGROLURGH.
   969 | D:1      | 969 ||| READING scroll labelled KUIDAA GUNUPYXAYCO.
   993 | D:2      | 993 ||| Stepping ~*~*~tactically~*~*~ (stealth).
   995 | D:2      | 995 ||| Stepping ~*~*~tactically~*~*~ (stealth).
   999 | D:2      | Reached ** piety under Trog
  1073 | D:2      | 1073 ||| Stepping ~*~*~tactically~*~*~ (stealth).
  1183 | D:2      | Noticed Robin
  1184 | D:2      | 1184 ||| Stepping ~*~*~tactically~*~*~ (hiding).
  1191 | D:2      | 1191 ||| INVOKING Berserk.
  1201 | D:2      | Killed Robin
  1202 | D:2      | Reached XP level 4. HP: 39/39 MP: 3/3
  1203 | D:2      | Reached skill level 6 in Axes
  1206 | D:2      | 1206 ||| Stepping ~*~*~tactically~*~*~ (stealth).
  1207 | D:2      | 1207 ||| Stepping ~*~*~tactically~*~*~ (stealth).
  1209 | D:2      | 1209 ||| Stepping ~*~*~tactically~*~*~ (stealth).
  1215 | D:2      | 1215 ||| Stepping ~*~*~tactically~*~*~ (stealth).
  1217 | D:2      | 1217 ||| Stepping ~*~*~tactically~*~*~ (stealth).
  1220 | D:2      | 1220 ||| Stepping ~*~*~tactically~*~*~ (hiding).
  1221 | D:2      | 1221 ||| Stepping ~*~*~tactically~*~*~ (hiding).
  1338 | D:2      | Noticed Terence
  1343 | D:2      | 1343 ||| INVOKING Berserk.
  1352 | D:2      | Killed Terence
  1388 | D:2      | 1388 ||| FLEEEEING.
  1389 | D:2      | 1389 ||| FLEEEEING.
  1390 | D:2      | 1390 ||| FLEEEEING.
  1497 | D:2      | 1497 ||| Stepping ~*~*~tactically~*~*~ (stealth).
  1539 | D:2      | 1539 ||| Stepping ~*~*~tactically~*~*~ (hiding).
  1768 | D:2      | Found a faded altar of an unknown god.
  2077 | D:2      | 2077 ||| UPGRADING to +2 chain mail of cold resistance.
  2087 | D:2      | 2087 ||| DROPPING +0 ring mail.
  2088 | D:2      | 2088 ||| UPGRADING to +0 pair of boots.
  2093 | D:2      | 2093 ||| READING scroll labelled DEHESK TAECUTI.
  2094 | D:2      | 2094 ||| READING 2 scrolls labelled KIATOUMAYH.
  2099 | D:2      | 2099 ||| DRINKING 2 glowing yellow potions.
  2099 | D:2      | Gained mutation: You are agile. (Dex +4, Str/Int -1)
                  | [potion of mutation]
  2099 | D:2      | Gained mutation: Your mind is acute. (Int +4, Str/Dex -1)
                  | [potion of mutation]
  2099 | D:2      | Gained mutation: You occasionally shout uncontrollably at
                  | your foes. [potion of mutation]
  2100 | D:2      | 2100 ||| DRINKING 2 fizzy sapphire potions.
  2101 | D:2      | 2101 ||| DROPPING potion of brilliance.
  2128 | D:3      | 2128 ||| STAIRDANCE
  2225 | D:3      | Found the +0 mask of the Dragon {Will+ Slay+3 SInv}
  2232 | D:3      | Reached XP level 5. HP: 45/45 MP: 4/4
  2251 | D:3      | 2251 ||| INVOKING Berserk.
  2393 | D:3      | 2393 ||| DROPPING +0 whip.
  2396 | D:3      | 2396 ||| DROPPING +0 flail.
  2478 | D:3      | Reached *** piety under Trog
  2544 | D:3      | Noticed Sigmund
  2545 | D:3      | 2545 ||| INVOKING Berserk.
  2549 | D:3      | Killed Sigmund
  2550 | D:3      | Reached XP level 6. HP: 52/52 MP: 5/5
  2713 | D:3      | Identified the +5 scale mail of Fuycokes {Regen+ Int+3}
  2716 | D:3      | 2716 ||| INVOKING Berserk.
  2730 | D:3      | Reached skill level 3 in Armour
  2906 | D:3      | 2906 ||| Stepping ~*~*~tactically~*~*~ (stealth).
  3077 | D:3      | 3077 ||| UPGRADING to +0 mask of the Dragon {Will+ Slay+3
                  | SInv}.
  3082 | D:3      | 3082 ||| READING scroll labelled EPROOMUOME.
  3083 | D:3      | 3083 ||| READING scroll labelled DUHEIRA JUPOTA.
  3084 | D:3      | 3084 ||| READING scroll labelled COIL SILULIA.
  3085 | D:3      | 3085 ||| DRINKING 2 sapphire potions.
  3086 | D:3      | 3086 ||| READING 2 scrolls of identify.
  3086 | D:3      | 3086 ||| IDENTIFYING viscous ruby potion
  3087 | D:3      | 3087 ||| DROPPING potion of magic.
  3127 | D:4      | 3127 ||| INVOKING Berserk.
  3232 | D:4      | Reached skill level 9 in Axes
  3424 | D:4      | Reached XP level 7. HP: 60/60 MP: 6/6
  3482 | D:4      | 3482 ||| READING scroll of enchant weapon.
  3482 | D:4      | 3482 ||| ENCHANTING +1 hand axe.
  3591 | D:4      | 3591 ||| Stepping ~*~*~tactically~*~*~ (hiding).
  3592 | D:4      | Noticed Natasha
  3596 | D:4      | 3596 ||| INVOKING Berserk.
  3597 | D:4      | Killed Natasha
  3800 | D:4      | Found Givyeg's Armour Boutique.
  3807 | D:4      | 3807 ||| SHOPLISTING +0 plate armour (253 gold, have 230).
  4119 | D:4      | 4119 ||| UPGRADING to amulet of reflection.
  4124 | D:4      | 4124 ||| READING scroll labelled LUASKO EB MIT.
  4125 | D:4      | 4125 ||| DRINKING 2 bubbling puce potions.
  4126 | D:4      | 4126 ||| DRINKING 2 ruby potions.
  4227 | D:4      | 4227 ||| READING 3 scrolls of identify.
  4227 | D:4      | 4227 ||| IDENTIFYING murky green potion
  4228 | D:4      | 4228 ||| READING 2 scrolls of identify.
  4228 | D:4      | 4228 ||| IDENTIFYING smoky red potion
  4229 | D:4      | 4229 ||| DROPPING potion of invisibility.
  4230 | D:4      | 4230 ||| DROPPING potion of lignification.
  4231 | D:4      | 4231 ||| DROPPING potion of ambrosia.
  4266 | D:4      | Noticed Natasha
  4270 | D:4      | 4270 ||| INVOKING Berserk.
  4273 | D:4      | Killed Natasha
  4319 | D:4      | Noticed Natasha
  4320 | D:4      | 4320 ||| Stepping ~*~*~tactically~*~*~ (stealth).
  4339 | D:5      | Entered Level 5 of the Dungeon
  4391 | D:5      | Noticed Edmund
  4395 | D:5      | 4395 ||| INVOKING Berserk.
  4399 | D:5      | Killed Edmund
  4527 | D:5      | 4527 ||| INVOKING Berserk.
  4682 | D:5      | 4682 ||| INVOKING Berserk.
  4687 | D:5      | Reached skill level 6 in Fighting
  4875 | D:5      | Reached XP level 8. HP: 70/70 MP: 7/7
  4938 | D:5      | 4938 ||| READING scroll of enchant armour.
  4938 | D:5      | 4938 ||| ENCHANTING +0 pair of boots.
  5137 | D:5      | 5137 ||| INVOKING Berserk.
  5262 | D:5      | 5262 ||| INVOKING Berserk.
  5384 | D:5      | 5384 ||| SWAPPING to +4 war axe.
  5385 | D:5      | 5385 ||| DROPPING +2 hand axe.
  5397 | D:5      | Reached skill level 1 in Throwing
  5399 | D:5      | 5399 ||| Stepping ~*~*~tactically~*~*~ (stealth).
  5400 | D:5      | 5400 ||| Stepping ~*~*~tactically~*~*~ (stealth).
  5405 | D:5      | 5405 ||| READING scroll of enchant weapon.
  5405 | D:5      | 5405 ||| ENCHANTING +4 war axe.
  5489 | D:5      | 5489 ||| INVOKING Berserk.
  5745 | D:5      | 5745 ||| UPGRADING to ring of resist corrosion.
  5796 | D:6      | Reached skill level 12 in Axes
  5798 | D:6      | 5798 ||| Stepping ~*~*~tactically~*~*~ (hiding).
  5804 | D:6      | 5804 ||| INVOKING Berserk.
  5980 | D:6      | Reached skill level 3 in Dodging
  6048 | D:6      | Noticed Prince Ribbit
  6050 | D:6      | 6050 ||| Stepping ~*~*~tactically~*~*~ (stealth).
  6055 | D:6      | 6055 ||| INVOKING Berserk.
  6070 | D:6      | Killed Prince Ribbit
  6071 | D:6      | Reached XP level 9. HP: 23/79 MP: 8/8
  6369 | D:6      | Noticed Blork the orc
  6373 | D:6      | 6373 ||| INVOKING Berserk.
  6375 | D:6      | Killed Blork the orc
  6839 | D:6      | 6839 ||| Stepping ~*~*~tactically~*~*~ (stealth).
  6841 | D:6      | 6841 ||| Stepping ~*~*~tactically~*~*~ (stealth).
  6843 | D:6      | 6843 ||| Stepping ~*~*~tactically~*~*~ (hiding).
  6846 | D:6      | 6846 ||| INVOKING Berserk.
  6962 | D:6      | 6962 ||| INVOKING Berserk.
  7266 | D:6      | 7266 ||| UPGRADING to +4 ring of evasion.
  7267 | D:6      | 7267 ||| READING scroll labelled KULOROSM FUCEA.
  7268 | D:6      | 7268 ||| READING scroll labelled NOACWUWKOL.
  7269 | D:6      | 7269 ||| DRINKING 2 pink potions.
  7270 | D:6      | 7270 ||| READING 2 scrolls of identify.
  7270 | D:6      | 7270 ||| IDENTIFYING dark potion
  7271 | D:6      | 7271 ||| DROPPING potion of attraction.
  7330 | D:7      | 7330 ||| INVOKING Berserk.
  7338 | D:7      | Reached **** piety under Trog
  7635 | D:7      | Found a shadowy altar of Dithmenos.
  7636 | D:7      | Found a snail-covered altar of Cheibriados.
  7636 | D:7      | Found a hide-covered altar of Uskayaw.
  7637 | D:7      | Found a white marble altar of Elyvilon.
  7656 | D:7      | Found a flagged portal.
  7747 | D:7      | Found a hazy altar of Hepliaklqana.
  7749 | D:7      | 7749 ||| INVOKING Berserk.
  7900 | D:7      | Found a staircase to the Ecumenical Temple.
  8113 | D:7      | Found a runed translucent door.
  8114 | D:7      | Noticed Crazy Yiuf
  8117 | D:7      | 8117 ||| DROPPING +1 pair of boots.
  8118 | D:7      | 8118 ||| DROPPING ring of magical power.
  8119 | D:7      | 8119 ||| READING scroll labelled AMIASO ILUTI.
  8120 | D:7      | 8120 ||| DRINKING 2 fuming black potions.
  8121 | D:7      | 8121 ||| UPGRADING to +5 scale mail of Fuycokes {Regen+
                  | Int+3}.
  8131 | D:7      | 8131 ||| DROPPING potion of degeneration.
  8157 | D:8      | Noticed Pikel
  8168 | D:8      | 8168 ||| INVOKING Berserk.
  8172 | D:8      | Killed Pikel
  8173 | D:8      | Reached XP level 10. HP: 88/88 MP: 9/9
  8379 | D:8      | Found a bloodstained altar of Trog.
  8492 | D:8      | Noticed a two-headed ogre
  8494 | D:8      | 8494 ||| INVOKING Berserk.
  8497 | D:8      | Killed a two-headed ogre
  8498 | D:8      | Reached skill level 15 in Axes
  8505 | D:8      | 8505 ||| FLEEEEING.
  8506 | D:8      | 8506 ||| FLEEEEING.
  8507 | D:8      | 8507 ||| FLEEEEING.
  8508 | D:8      | 8508 ||| FLEEEEING.
  8509 | D:8      | 8509 ||| STAIRDANCE
  8645 | D:7      | 8645 ||| UPGRADING to +2 chain mail of cold resistance.
  8710 | D:8      | 8710 ||| Stepping ~*~*~tactically~*~*~ (stealth).
  8949 | D:9      | 8949 ||| READING scroll of enchant weapon.
  8949 | D:9      | 8949 ||| ENCHANTING +5 war axe.
  8971 | D:9      | Noticed a two-headed ogre
  8976 | D:9      | 8976 ||| INVOKING Berserk.
  8978 | D:9      | Killed a two-headed ogre
  8979 | D:9      | Reached skill level 9 in Fighting
  9002 | D:9      | Noticed a two-headed ogre
  9012 | D:9      | Killed a two-headed ogre
  9013 | D:9      | Reached skill level 6 in Armour
  9024 | D:9      | 9024 ||| FLEEEEING.
  9025 | D:9      | 9025 ||| FLEEEEING.
  9253 | D:9      | 9253 ||| INVOKING Berserk.
  9341 | D:9      | 9341 ||| Stepping ~*~*~tactically~*~*~ (hiding).
  9342 | D:9      | 9342 ||| Stepping ~*~*~tactically~*~*~ (hiding).
  9459 | D:9      | Found a shimmering altar of Xom.
  9461 | D:9      | Found a shimmering altar of Xom.
  9461 | D:9      | Found a shimmering altar of Xom.
  9461 | D:9      | Found a shimmering altar of Xom.
  9462 | D:9      | Found a shimmering altar of Xom.
  9462 | D:9      | Found a shimmering altar of Xom.
  9463 | D:9      | Found a shimmering altar of Xom.
  9466 | D:9      | 9466 ||| READING scroll of enchant weapon.
  9466 | D:9      | 9466 ||| ENCHANTING +6 war axe.
  9482 | D:9      | 9482 ||| Stepping ~*~*~tactically~*~*~ (stealth).
  9483 | D:9      | 9483 ||| Stepping ~*~*~tactically~*~*~ (stealth).
  9485 | D:9      | 9485 ||| Stepping ~*~*~tactically~*~*~ (stealth).
  9488 | D:9      | 9488 ||| Stepping ~*~*~tactically~*~*~ (stealth).
  9526 | D:9      | Noticed a cyclops
  9534 | D:9      | 9534 ||| INVOKING Berserk.
  9537 | D:9      | Killed a cyclops
  9671 | D:9      | 9671 ||| Stepping ~*~*~tactically~*~*~ (stealth).
  9678 | D:9      | Reached XP level 11. HP: 99/99 MP: 10/10
  9691 | D:9      | Found a sacrificial altar of Ru.
  9764 | D:9      | Noticed Maggie
  9788 | D:9      | Killed Maggie
  9927 | D:9      | 9927 ||| Stepping ~*~*~tactically~*~*~ (hiding).
  9935 | D:9      | 9935 ||| FLEEEEING.
  9937 | D:9      | 9937 ||| FLEEEEING.
  9950 | D:9      | 9950 ||| FLEEEEING.
  9951 | D:9      | 9951 ||| FLEEEEING.
  9952 | D:9      | 9952 ||| FLEEEEING.
  9953 | D:9      | 9953 ||| FLEEEEING.
  9954 | D:9      | 9954 ||| FLEEEEING.
  9955 | D:9      | 9955 ||| FLEEEEING.
  9956 | D:9      | 9956 ||| FLEEEEING.
  9958 | D:9      | 9958 ||| FLEEEEING.
  9959 | D:9      | 9959 ||| Stepping ~*~*~tactically~*~*~ (hiding).
 10052 | D:9      | 10052 ||| Stepping ~*~*~tactically~*~*~ (stealth).
 10054 | D:9      | 10054 ||| Stepping ~*~*~tactically~*~*~ (stealth).
 10056 | D:9      | Reached ***** piety under Trog
 10064 | D:9      | Found a staircase to the Orcish Mines.
 10075 | D:9      | 10075 ||| Stepping ~*~*~tactically~*~*~ (stealth).
 10084 | D:9      | 10084 ||| INVOKING Berserk.
 10247 | D:9      | Found a staircase to the Lair.
 10334 | D:9      | 10334 ||| Stepping ~*~*~tactically~*~*~ (hiding).
 10548 | D:9      | 10548 ||| PLANNING LAIR
 10548 | D:9      | 10548 ||| DROPPING +5 scale mail of Fuycokes {Regen+
                  | Int+3}.
 10549 | D:9      | 10549 ||| UPGRADING to +4 ring of slaying {mikee}.
 10551 | D:9      | 10551 ||| DROPPING ring of resist corrosion.
 10552 | D:9      | 10552 ||| DRINKING 3 clear potions.
 10553 | D:9      | 10553 ||| READING 4 scrolls of identify.
 10553 | D:9      | 10553 ||| IDENTIFYING fuming dark potion
 10554 | D:9      | 10554 ||| DROPPING potion of flight.
 10610 | Lair:1   | Entered Level 1 of the Lair of Beasts
 10615 | Lair:1   | 10615 ||| INVOKING Berserk.
 10636 | Lair:1   | Noticed a seven-headed hydra
 10637 | Lair:1   | 10637 ||| INVOKING Brothers in Arms.
 10640 | Lair:1   | Reached skill level 12 in Fighting
 10641 | Lair:1   | 10641 ||| SWAPPING to +1 flail of holy wrath.
 10642 | Lair:1   | Reached skill level 6 in Dodging
 10644 | Lair:1   | Killed a seven-headed hydra
 10645 | Lair:1   | 10645 ||| SWAPPING to +7 war axe.
 10852 | Lair:1   | 10852 ||| INVOKING Berserk.
 10856 | Lair:1   | Reached skill level 9 in Armour
 11100 | Lair:1   | Noticed qw's ghost (journeyman TrCA)
 11102 | Lair:1   | Found a transporter.
 11108 | Lair:1   | Noticed a boulder beetle
 11109 | Lair:1   | Noticed a five-headed hydra
 11166 | Lair:1   | 11166 ||| INVOKING Berserk.
 11241 | Lair:1   | 11241 ||| INVOKING Berserk.
 11358 | Lair:1   | 11358 ||| INVOKING Berserk.
 11585 | Lair:1   | Noticed a six-headed hydra
 11586 | Lair:1   | 11586 ||| INVOKING Brothers in Arms.
 11588 | Lair:1   | 11588 ||| SWAPPING to +1 flail of holy wrath.
 11589 | Lair:1   | 11589 ||| INVOKING Berserk.
 11590 | Lair:1   | Killed a six-headed hydra
 11596 | Lair:1   | 11596 ||| SWAPPING to +7 war axe.
 11698 | Lair:1   | Found a transporter.
 11913 | Lair:2   | 11913 ||| Stepping ~*~*~tactically~*~*~ (stealth).
 11916 | Lair:2   | 11916 ||| INVOKING Berserk.
 11925 | Lair:2   | Reached skill level 3 in Throwing
 12036 | Lair:2   | 12036 ||| READING scroll of enchant armour.
 12036 | Lair:2   | 12036 ||| ENCHANTING +1 pair of boots.
 12096 | Lair:2   | Reached XP level 12. HP: 115/115 MP: 11/11
 12096 | Lair:2   | 12096 ||| INVOKING Berserk.
 12232 | Lair:2   | Noticed a five-headed hydra
 12233 | Lair:2   | 12233 ||| INVOKING Brothers in Arms.
 12234 | Lair:2   | 12234 ||| SWAPPING to +1 flail of holy wrath.
 12235 | Lair:2   | 12235 ||| INVOKING Berserk.
 12237 | Lair:2   | Killed a five-headed hydra
 12241 | Lair:2   | 12241 ||| SWAPPING to +7 war axe.
 12353 | Lair:2   | Noticed an eight-headed hydra
 12354 | Lair:2   | 12354 ||| INVOKING Brothers in Arms.
 12355 | Lair:2   | 12355 ||| INVOKING Brothers in Arms.
 12357 | Lair:2   | 12357 ||| SWAPPING to +1 flail of holy wrath.
 12358 | Lair:2   | 12358 ||| INVOKING Berserk.
 12361 | Lair:2   | Killed an eight-headed hydra
 12366 | Lair:2   | 12366 ||| SWAPPING to +7 war axe.
 12373 | Lair:2   | Noticed a five-headed hydra
 12374 | Lair:2   | 12374 ||| INVOKING Brothers in Arms.
 12375 | Lair:2   | 12375 ||| INVOKING Brothers in Arms.
 12376 | Lair:2   | 12376 ||| INVOKING Brothers in Arms.
 12377 | Lair:2   | 12377 ||| INVOKING Brothers in Arms.
 12378 | Lair:2   | 12378 ||| SWAPPING to +1 flail of holy wrath.
 12381 | Lair:2   | Killed a five-headed hydra
 12382 | Lair:2   | 12382 ||| SWAPPING to +7 war axe.
 12450 | Lair:2   | 12450 ||| INVOKING Berserk.
 12509 | Lair:2   | 12509 ||| Stepping ~*~*~tactically~*~*~ (hiding).
 12514 | Lair:2   | 12514 ||| INVOKING Berserk.
 12644 | Lair:2   | Noticed a five-headed hydra
 12647 | Lair:2   | 12647 ||| SWAPPING to +1 flail of holy wrath.
 12648 | Lair:2   | 12648 ||| INVOKING Berserk.
 12651 | Lair:2   | Killed a five-headed hydra
 12740 | Lair:2   | 12740 ||| SWAPPING to +7 war axe.
 12742 | Lair:2   | Found a staircase to the Swamp.
 13211 | Lair:2   | 13211 ||| INVOKING Berserk.
 13375 | Lair:2   | 13375 ||| UPGRADING to +0 cloak.
 13451 | Lair:3   | 13451 ||| INVOKING Berserk.
 13603 | Lair:3   | Found a hole to the Spider Nest.
 13646 | Lair:3   | 13646 ||| Stepping ~*~*~tactically~*~*~ (stealth).
 13659 | Lair:3   | 13659 ||| FLEEEEING.
 13660 | Lair:3   | 13660 ||| FLEEEEING.
 13661 | Lair:3   | 13661 ||| FLEEEEING.
 13662 | Lair:3   | 13662 ||| FLEEEEING.
 13663 | Lair:3   | 13663 ||| FLEEEEING.
 13664 | Lair:3   | 13664 ||| FLEEEEING.
 13665 | Lair:3   | 13665 ||| FLEEEEING.
 13670 | Lair:3   | 13670 ||| FLEEEEING.
 13671 | Lair:3   | 13671 ||| FLEEEEING.
 13672 | Lair:3   | 13672 ||| FLEEEEING.
 13673 | Lair:3   | 13673 ||| FLEEEEING.
 13674 | Lair:3   | 13674 ||| FLEEEEING.
 13675 | Lair:3   | 13675 ||| FLEEEEING.
 13676 | Lair:3   | 13676 ||| FLEEEEING.
 13677 | Lair:3   | 13677 ||| FLEEEEING.
 13678 | Lair:3   | 13678 ||| FLEEEEING.
 13679 | Lair:3   | 13679 ||| FLEEEEING.
 13680 | Lair:3   | 13680 ||| FLEEEEING.
 13681 | Lair:3   | 13681 ||| FLEEEEING.
 13694 | Lair:3   | 13694 ||| INVOKING Berserk.
 13708 | Lair:3   | Reached skill level 15 in Fighting
 14403 | Lair:3   | 14403 ||| READING scroll labelled XATUIC NILOAHA.
 14504 | Lair:3   | 14504 ||| READING 5 scrolls of identify.
 14504 | Lair:3   | 14504 ||| IDENTIFYING green potion
 14505 | Lair:3   | 14505 ||| DROPPING potion of berserk rage.
 14524 | Lair:4   | 14524 ||| Stepping ~*~*~tactically~*~*~ (stealth).
 14589 | Lair:4   | 14589 ||| Stepping ~*~*~tactically~*~*~ (stealth).
 14600 | Lair:4   | Reached skill level 12 in Armour
 14602 | Lair:4   | 14602 ||| INVOKING Berserk.
 14721 | Lair:4   | Reached XP level 13. HP: 126/127 MP: 12/12
 14810 | Lair:4   | 14810 ||| Stepping ~*~*~tactically~*~*~ (stealth).
 15134 | Lair:4   | 15134 ||| Stepping ~*~*~tactically~*~*~ (stealth).
 15135 | Lair:4   | 15135 ||| Stepping ~*~*~tactically~*~*~ (stealth).
 15146 | Lair:4   | Reached skill level 9 in Dodging
 15395 | Lair:4   | 15395 ||| INVOKING Berserk.
 15975 | Lair:4   | 15975 ||| DROPPING +6 ring of strength.
 15976 | Lair:4   | 15976 ||| READING scroll labelled BOVVIBB EMYTHROCU.
 15976 | Lair:4   | Identified a scroll of acquirement
 15976 | Lair:4   | 15976 ||| ACQUIRING ring "Xica" {Fire rPois Str+2 Dex+4}
 15976 | Lair:4   | Acquired the ring "Xica" {Fire rPois Str+2 Dex+4}
 15978 | Lair:4   | 15978 ||| UPGRADING to ring "Xica" {Fire rPois Str+2
                  | Dex+4}.
 15980 | Lair:4   | 15980 ||| READING 4 scrolls of identify.
 15980 | Lair:4   | 15980 ||| IDENTIFYING murky purple potion
 15981 | Lair:4   | 15981 ||| DRINKING potion of experience.
 15981 | Lair:4   | Reached XP level 14. HP: 137/137 MP: 13/13
 15982 | Lair:4   | 15982 ||| READING 3 scrolls of identify.
 15982 | Lair:4   | 15982 ||| IDENTIFYING sedimented yellow potion
 15995 | Lair:5   | Entered Level 5 of the Lair of Beasts
 16086 | Lair:5   | 16086 ||| FLEEEEING.
 16087 | Lair:5   | 16087 ||| FLEEEEING.
 16088 | Lair:5   | 16088 ||| STAIRDANCE
 16262 | Lair:5   | 16262 ||| Stepping ~*~*~tactically~*~*~ (stealth).
 16271 | Lair:5   | 16271 ||| Stepping ~*~*~tactically~*~*~ (stealth).
 16307 | Lair:5   | 16307 ||| INVOKING Brothers in Arms.
 16308 | Lair:5   | 16308 ||| INVOKING Brothers in Arms.
 16310 | Lair:5   | 16310 ||| SWAPPING to +1 flail of holy wrath.
 16312 | Lair:5   | 16312 ||| INVOKING Berserk.
 16323 | Lair:5   | Found a viscous altar of Jiyva.
 16327 | Lair:5   | Found a staircase to the Slime Pits.
 16328 | Lair:5   | 16328 ||| SWAPPING to +7 war axe.
 16362 | Lair:5   | 16362 ||| Stepping ~*~*~tactically~*~*~ (stealth).
 16363 | Lair:5   | 16363 ||| Stepping ~*~*~tactically~*~*~ (stealth).
 16392 | Lair:5   | 16392 ||| FLEEEEING.
 16393 | Lair:5   | 16393 ||| Stepping ~*~*~tactically~*~*~ (stealth).
 16531 | Lair:5   | 16531 ||| Stepping ~*~*~tactically~*~*~ (stealth).
 16536 | Lair:5   | 16536 ||| Stepping ~*~*~tactically~*~*~ (stealth).
 16633 | Lair:5   | 16633 ||| Stepping ~*~*~tactically~*~*~ (stealth).
 16634 | Lair:5   | 16634 ||| Stepping ~*~*~tactically~*~*~ (stealth).
 16646 | Lair:5   | 16646 ||| Stepping ~*~*~tactically~*~*~ (stealth).
 16656 | Lair:5   | 16656 ||| Stepping ~*~*~tactically~*~*~ (stealth).
 16661 | Lair:5   | 16661 ||| Stepping ~*~*~tactically~*~*~ (stealth).
 16662 | Lair:5   | 16662 ||| Stepping ~*~*~tactically~*~*~ (stealth).
 16663 | Lair:5   | 16663 ||| Stepping ~*~*~tactically~*~*~ (stealth).
 16727 | Lair:5   | 16727 ||| FLEEEEING.
 16728 | Lair:5   | 16728 ||| FLEEEEING.
 16729 | Lair:5   | 16729 ||| FLEEEEING.
 16730 | Lair:5   | 16730 ||| FLEEEEING.
 16731 | Lair:5   | 16731 ||| Stepping ~*~*~tactically~*~*~ (stealth).
 16732 | Lair:5   | 16732 ||| FLEEEEING.
 16733 | Lair:5   | 16733 ||| FLEEEEING.
 16734 | Lair:5   | 16734 ||| FLEEEEING.
 16735 | Lair:5   | 16735 ||| Stepping ~*~*~tactically~*~*~ (stealth).
 16806 | Lair:5   | 16806 ||| Stepping ~*~*~tactically~*~*~ (hiding).
 16807 | Lair:5   | 16807 ||| Stepping ~*~*~tactically~*~*~ (hiding).
 16884 | Lair:5   | 16884 ||| Stepping ~*~*~tactically~*~*~ (stealth).
 16886 | Lair:5   | 16886 ||| Stepping ~*~*~tactically~*~*~ (stealth).
 16890 | Lair:5   | 16890 ||| Stepping ~*~*~tactically~*~*~ (stealth).
 16891 | Lair:5   | 16891 ||| Stepping ~*~*~tactically~*~*~ (stealth).
 16892 | Lair:5   | 16892 ||| Stepping ~*~*~tactically~*~*~ (stealth).
 16893 | Lair:5   | 16893 ||| Stepping ~*~*~tactically~*~*~ (stealth).
 16895 | Lair:5   | 16895 ||| Stepping ~*~*~tactically~*~*~ (stealth).
 16913 | Lair:5   | 16913 ||| FLEEEEING.
 16914 | Lair:5   | 16914 ||| FLEEEEING.
 16915 | Lair:5   | 16915 ||| FLEEEEING.
 16916 | Lair:5   | 16916 ||| FLEEEEING.
 16917 | Lair:5   | 16917 ||| FLEEEEING.
 16921 | Lair:5   | 16921 ||| Stepping ~*~*~tactically~*~*~ (stealth).
 16922 | Lair:5   | 16922 ||| STAIRDANCE
 16929 | Lair:4   | Reached skill level 18 in Fighting
 17118 | Lair:4   | 17118 ||| READING scroll labelled QAHOMN HOGO.
 17121 | Lair:5   | 17121 ||| STAIRDANCE
 17167 | Lair:5   | 17167 ||| STAIRDANCE
 17173 | Lair:5   | 17173 ||| STAIRDANCE
 17173 | Lair:5   | Noticed Kirke
 17181 | Lair:5   | 17181 ||| STAIRDANCE
 17200 | Lair:5   | 17200 ||| INVOKING Trog's Hand.
 17201 | Lair:5   | 17201 ||| INVOKING Brothers in Arms.
 17202 | Lair:5   | 17202 ||| INVOKING Berserk.
 17206 | Lair:5   | Killed Kirke
 17322 | Lair:5   | 17322 ||| READING scroll of enchant weapon.
 17322 | Lair:5   | 17322 ||| ENCHANTING +7 war axe.
 17402 | Lair:5   | 17402 ||| INVOKING Brothers in Arms.
 17405 | Lair:5   | 17405 ||| SWAPPING to +1 flail of holy wrath.
 17406 | Lair:5   | 17406 ||| INVOKING Berserk.
 17414 | Lair:5   | 17414 ||| SWAPPING to +8 war axe.
 17571 | Lair:5   | 17571 ||| Stepping ~*~*~tactically~*~*~ (stealth).
 17596 | Lair:5   | 17596 ||| INVOKING Brothers in Arms.
 17598 | Lair:5   | 17598 ||| SWAPPING to +1 flail of holy wrath.
 17599 | Lair:5   | 17599 ||| INVOKING Berserk.
 17610 | Lair:5   | 17610 ||| SWAPPING to +8 war axe.
 17727 | Lair:5   | 17727 ||| Stepping ~*~*~tactically~*~*~ (hiding).
 17732 | Lair:5   | 17732 ||| INVOKING Trog's Hand.
 17843 | Lair:5   | Found a burning altar of Makhleb.
 17862 | Lair:5   | Reached XP level 15. HP: 104/150 MP: 14/14
 17994 | Lair:5   | Found a gateway to Hell.
 18157 | Lair:5   | Reached skill level 12 in Dodging
 18350 | Lair:5   | 18350 ||| PLANNING D:1-11
 18470 | D:9      | 18470 ||| Stepping ~*~*~tactically~*~*~ (stealth).
 18480 | D:10     | Entered Level 10 of the Dungeon
 18528 | D:10     | Noticed Urug
 18529 | D:10     | 18529 ||| INVOKING Brothers in Arms.
 18530 | D:10     | 18530 ||| INVOKING Brothers in Arms.
 18534 | D:10     | 18534 ||| INVOKING Berserk.
 18539 | D:10     | Killed Urug
 18596 | D:10     | 18596 ||| DROPPING +1 flail of holy wrath.
 18750 | D:10     | Noticed Fannar
 18766 | D:10     | Killed Fannar
 18867 | D:10     | 18867 ||| READING scroll of acquirement.
 18867 | D:10     | 18867 ||| ACQUIRING +1 broad axe of flaming
 18867 | D:10     | Acquired a +1 broad axe of flaming
 18869 | D:10     | 18869 ||| SWAPPING to +1 broad axe of flaming.
 18870 | D:10     | 18870 ||| DROPPING +3 flail.
 18871 | D:10     | 18871 ||| DROPPING +8 war axe.
 18935 | D:10     | Noticed Amaemon
 18936 | D:10     | 18936 ||| Stepping ~*~*~tactically~*~*~ (hiding).
 18946 | D:10     | Killed Amaemon
 19024 | D:10     | 19024 ||| Stepping ~*~*~tactically~*~*~ (stealth).
 19456 | D:10     | 19456 ||| UPGRADING to +0 pair of gloves.
 19461 | D:10     | 19461 ||| DROPPING ring of flight.
 19479 | D:11     | 19479 ||| STAIRDANCE
 19486 | D:11     | 19486 ||| STAIRDANCE
 19491 | D:11     | 19491 ||| STAIRDANCE
 19501 | D:11     | 19501 ||| STAIRDANCE
 19594 | D:11     | 19594 ||| READING scroll of enchant weapon.
 19594 | D:11     | 19594 ||| ENCHANTING +1 broad axe of flaming.
 19596 | D:11     | Identified the +4 dagger of Cuithum {spect, rF+}
 19671 | D:11     | 19671 ||| Stepping ~*~*~tactically~*~*~ (stealth).
 19681 | D:11     | Noticed Maurice
 19690 | D:11     | Killed Maurice
 19762 | D:11     | 19762 ||| FLEEEEING.
 19765 | D:11     | 19765 ||| FLEEEEING.
 19766 | D:11     | 19766 ||| FLEEEEING.
 19767 | D:11     | 19767 ||| FLEEEEING.
 19768 | D:11     | 19768 ||| FLEEEEING.
 19769 | D:11     | 19769 ||| FLEEEEING.
 19770 | D:11     | 19770 ||| FLEEEEING.
 19783 | D:11     | 19783 ||| FLEEEEING.
 19800 | D:11     | 19800 ||| FLEEEEING.
 19802 | D:11     | 19802 ||| FLEEEEING.
 19803 | D:11     | 19803 ||| FLEEEEING.
 19804 | D:11     | 19804 ||| FLEEEEING.
 19805 | D:11     | 19805 ||| FLEEEEING.
 19806 | D:11     | 19806 ||| FLEEEEING.
 19807 | D:11     | 19807 ||| FLEEEEING.
 19822 | D:11     | 19822 ||| FLEEEEING.
 19823 | D:11     | 19823 ||| FLEEEEING.
 19839 | D:11     | 19839 ||| STAIRDANCE
 19950 | D:10     | 19950 ||| UPGRADING to +1 cloak.
 19960 | D:10     | 19960 ||| DROPPING +0 cloak.
 19961 | D:10     | 19961 ||| READING scroll labelled WETYXE FIQUSS.
 20308 | D:11     | 20308 ||| PLANNING D
 20455 | D:12     | 20455 ||| Stepping ~*~*~tactically~*~*~ (hiding).
 20461 | D:12     | 20461 ||| Stepping ~*~*~tactically~*~*~ (stealth).
 20462 | D:12     | 20462 ||| Stepping ~*~*~tactically~*~*~ (stealth).
 20463 | D:12     | 20463 ||| Stepping ~*~*~tactically~*~*~ (stealth).
 20870 | D:12     | 20870 ||| UPGRADING to +0 buckler.
 20875 | D:12     | 20875 ||| DROPPING amulet of the acrobat.
 20876 | D:12     | 20876 ||| DROPPING +6 ring of dexterity.
 20927 | D:13     | Reached skill level 1 in Shields
 21132 | D:13     | Reached skill level 2 in Shields
 21405 | D:13     | 21405 ||| Stepping ~*~*~tactically~*~*~ (stealth).
 21547 | D:13     | Reached skill level 3 in Shields
 21561 | D:13     | Found a gate to the Vaults.
 21562 | D:13     | 21562 ||| Stepping ~*~*~tactically~*~*~ (hiding).
 21575 | D:13     | Reached skill level 4 in Shields
 21593 | D:13     | Reached skill level 5 in Shields
 21598 | D:13     | Received a gift from Trog
 21608 | D:13     | Reached skill level 6 in Shields
 21873 | D:13     | 21873 ||| Stepping ~*~*~tactically~*~*~ (hiding).
 21874 | D:13     | 21874 ||| Stepping ~*~*~tactically~*~*~ (hiding).
 21875 | D:13     | 21875 ||| Stepping ~*~*~tactically~*~*~ (hiding).
 21876 | D:13     | 21876 ||| Stepping ~*~*~tactically~*~*~ (hiding).
 21877 | D:13     | 21877 ||| Stepping ~*~*~tactically~*~*~ (hiding).
 21891 | D:13     | 21891 ||| INVOKING Berserk.
 22403 | D:13     | 22403 ||| UPGRADING to +2 tower shield.
 22413 | D:13     | 22413 ||| DROPPING +0 buckler.
 22508 | D:14     | Identified the +4 glaive of Ciev {vorpal, rPois Int+6
                  | Stlth+}
 22528 | D:14     | 22528 ||| INVOKING Berserk.
 22532 | D:14     | Reached skill level 7 in Shields
 22828 | D:14     | 22828 ||| INVOKING Brothers in Arms.
 22831 | D:14     | 22831 ||| INVOKING Berserk.
 22855 | D:14     | 22855 ||| FLEEEEING.
 22856 | D:14     | 22856 ||| FLEEEEING.
 22857 | D:14     | 22857 ||| Stepping ~*~*~tactically~*~*~ (stealth).
 22860 | D:14     | 22860 ||| FLEEEEING.
 22865 | D:14     | 22865 ||| FLEEEEING.
 22869 | D:14     | 22869 ||| FLEEEEING.
 22870 | D:14     | 22870 ||| FLEEEEING.
 22871 | D:14     | 22871 ||| FLEEEEING.
 22872 | D:14     | 22872 ||| FLEEEEING.
 22873 | D:14     | 22873 ||| FLEEEEING.
 22874 | D:14     | 22874 ||| FLEEEEING.
 22875 | D:14     | 22875 ||| FLEEEEING.
 22876 | D:14     | 22876 ||| FLEEEEING.
 22920 | D:14     | 22920 ||| Stepping ~*~*~tactically~*~*~ (hiding).
 23055 | D:14     | 23055 ||| FLEEEEING.
 23056 | D:14     | 23056 ||| FLEEEEING.
 23057 | D:14     | 23057 ||| FLEEEEING.
 23058 | D:14     | 23058 ||| FLEEEEING.
 23063 | D:14     | 23063 ||| FLEEEEING.
 23065 | D:14     | 23065 ||| FLEEEEING.
 23066 | D:14     | 23066 ||| FLEEEEING.
 23084 | D:14     | 23084 ||| Stepping ~*~*~tactically~*~*~ (hiding).
 23086 | D:14     | 23086 ||| Stepping ~*~*~tactically~*~*~ (hiding).
 23091 | D:14     | Reached skill level 8 in Shields
 23093 | D:14     | 23093 ||| FLEEEEING.
 23094 | D:14     | 23094 ||| FLEEEEING.
 23095 | D:14     | 23095 ||| FLEEEEING.
 23096 | D:14     | 23096 ||| STAIRDANCE
 23201 | D:14     | 23201 ||| Stepping ~*~*~tactically~*~*~ (stealth).
 23203 | D:14     | 23203 ||| Stepping ~*~*~tactically~*~*~ (stealth).
 23227 | D:14     | 23227 ||| INVOKING Brothers in Arms.
 23230 | D:14     | 23230 ||| INVOKING Berserk.
 23383 | D:14     | 23383 ||| Stepping ~*~*~tactically~*~*~ (stealth).
 23396 | D:14     | 23396 ||| Stepping ~*~*~tactically~*~*~ (hiding).
 23584 | D:14     | 23584 ||| Stepping ~*~*~tactically~*~*~ (hiding).
 23589 | D:14     | 23589 ||| Stepping ~*~*~tactically~*~*~ (cloud).
 23960 | D:15     | Entered Level 15 of the Dungeon
 24039 | D:15     | 24039 ||| Stepping ~*~*~tactically~*~*~ (stealth).
 24040 | D:15     | 24040 ||| Stepping ~*~*~tactically~*~*~ (stealth).
 24046 | D:15     | 24046 ||| INVOKING Berserk.
 24048 | D:15     | Reached skill level 9 in Shields
 24126 | D:15     | Found a staircase to the Depths.
 24137 | D:15     | 24137 ||| Stepping ~*~*~tactically~*~*~ (hiding).
 24273 | D:15     | 24273 ||| Stepping ~*~*~tactically~*~*~ (hiding).
 24274 | D:15     | 24274 ||| Stepping ~*~*~tactically~*~*~ (hiding).
 24280 | D:15     | Reached skill level 10 in Shields
 24391 | D:15     | 24391 ||| Stepping ~*~*~tactically~*~*~ (hiding).
 24516 | D:15     | 24516 ||| Stepping ~*~*~tactically~*~*~ (hiding).
 24518 | D:15     | 24518 ||| Stepping ~*~*~tactically~*~*~ (hiding).
 24651 | D:15     | Found a runed translucent door.
 24652 | D:15     | Noticed Boahovan's ghost (journeyman DsGl)
 24677 | D:15     | Noticed a frost giant
 24682 | D:15     | 24682 ||| INVOKING Berserk.
 24687 | D:15     | Killed a frost giant
 24779 | D:15     | Found a runed translucent door.
 24793 | D:15     | Noticed Rupert
 24795 | D:15     | 24795 ||| INVOKING Trog's Hand.
 24798 | D:15     | 24798 ||| INVOKING Berserk.
 24804 | D:15     | Killed Rupert
 24805 | D:15     | Reached XP level 16. HP: 159/159 MP: 15/15
 24957 | D:15     | Reached skill level 11 in Shields
 25195 | D:15     | 25195 ||| PLANNING ORC
 25396 | Orc:1    | Entered Level 1 of the Orcish Mines
 25462 | Orc:1    | 25462 ||| INVOKING Trog's Hand.
 25466 | Orc:1    | 25466 ||| INVOKING Berserk.
 25632 | Orc:2    | Entered Level 2 of the Orcish Mines
 25633 | Orc:2    | 25633 ||| STAIRDANCE
 25639 | Orc:2    | 25639 ||| STAIRDANCE
 25646 | Orc:2    | 25646 ||| STAIRDANCE
 25648 | Orc:1    | 25648 ||| INVOKING Berserk.
 25702 | Orc:2    | 25702 ||| STAIRDANCE
 25709 | Orc:2    | 25709 ||| STAIRDANCE
 25715 | Orc:2    | 25715 ||| STAIRDANCE
 25723 | Orc:2    | 25723 ||| STAIRDANCE
 25729 | Orc:2    | 25729 ||| STAIRDANCE
 25795 | Orc:2    | 25795 ||| STAIRDANCE
 25900 | Orc:2    | 25900 ||| INVOKING Trog's Hand.
 25905 | Orc:2    | 25905 ||| INVOKING Berserk.
 25911 | Orc:2    | Reached skill level 12 in Shields
 25915 | Orc:2    | 25915 ||| STAIRDANCE
 26017 | Orc:2    | 26017 ||| INVOKING Trog's Hand.
 26022 | Orc:2    | 26022 ||| INVOKING Berserk.
 26062 | Orc:2    | Reached skill level 13 in Shields
 26062 | Orc:2    | 26062 ||| READING 11 scrolls of teleportation.
 26062 | Orc:2    | HP: 15/159 [orc warrior/+0 halberd (35)]
 26063 | Orc:2    | 26063 ||| DRINKING 3 potions of heal wounds.
 26064 | Orc:2    | 26064 ||| DRINKING 2 potions of heal wounds.
 26387 | Orc:2    | 26387 ||| Stepping ~*~*~tactically~*~*~ (stealth).
 26401 | Orc:2    | Found Xannas's Antique Weapon Emporium.
 26407 | Orc:2    | Found Adejook's Book Emporium.
 26414 | Orc:2    | Received a gift from Trog
 26517 | Orc:2    | Found a staircase to the Elven Halls.
 26538 | Orc:2    | Found Jiax's General Store.
 26545 | Orc:2    | 26545 ||| BUYING potion of heal wounds (65 gold).
 26545 | Orc:2    | Bought a potion of heal wounds for 65 gold pieces
 26545 | Orc:2    | 26545 ||| BUYING scroll of brand weapon (123 gold).
 26545 | Orc:2    | Bought a scroll of brand weapon for 123 gold pieces
 26545 | Orc:2    | 26545 ||| READING scroll of brand weapon.
 26545 | Orc:2    | 26545 ||| BRANDING +2 broad axe of flaming.
 26562 | Orc:2    | 26562 ||| DROPPING +0 flail.
 26577 | Orc:2    | Found Pujui's Antique Armour Emporium.
 26726 | Orc:2    | 26726 ||| DROPPING +0 plate armour.
 26727 | Orc:2    | 26727 ||| DROPPING +3 scale mail of fire resistance.
 26728 | Orc:2    | 26728 ||| UPGRADING to +4 plate armour.
 26738 | Orc:2    | 26738 ||| DROPPING +2 chain mail of cold resistance.
 26786 | Orc:1    | 26786 ||| Stepping ~*~*~tactically~*~*~ (hiding).
 26788 | Orc:1    | 26788 ||| Stepping ~*~*~tactically~*~*~ (hiding).
 26996 | Orc:1    | 26996 ||| Stepping ~*~*~tactically~*~*~ (hiding).
 27001 | Orc:1    | 27001 ||| INVOKING Trog's Hand.
 27003 | Orc:1    | 27003 ||| INVOKING Berserk.
 27023 | Orc:1    | 27023 ||| Stepping ~*~*~tactically~*~*~ (stealth).
 27025 | Orc:1    | 27025 ||| Stepping ~*~*~tactically~*~*~ (stealth).
 27042 | Orc:1    | 27042 ||| Stepping ~*~*~tactically~*~*~ (stealth).
 27053 | Orc:1    | 27053 ||| Stepping ~*~*~tactically~*~*~ (hiding).
 27054 | Orc:1    | 27054 ||| Stepping ~*~*~tactically~*~*~ (hiding).
 27340 | Orc:1    | Found a transporter.
 27383 | Orc:1    | 27383 ||| PLANNING SPIDER:1-3
 27487 | Spider:1 | Entered Level 1 of the Spider Nest
 27495 | Spider:1 | 27495 ||| Stepping ~*~*~tactically~*~*~ (hiding).
 27501 | Spider:1 | 27501 ||| Stepping ~*~*~tactically~*~*~ (hiding).
 27502 | Spider:1 | 27502 ||| Stepping ~*~*~tactically~*~*~ (stealth).
 27527 | Spider:1 | 27527 ||| INVOKING Berserk.
 27539 | Spider:1 | Reached skill level 14 in Shields
 27583 | Spider:1 | 27583 ||| INVOKING Brothers in Arms.
 27586 | Spider:1 | 27586 ||| INVOKING Brothers in Arms.
 27664 | Spider:1 | 27664 ||| Stepping ~*~*~tactically~*~*~ (stealth).
 27678 | Spider:1 | 27678 ||| Stepping ~*~*~tactically~*~*~ (stealth).
 27684 | Spider:1 | 27684 ||| Stepping ~*~*~tactically~*~*~ (stealth).
 27685 | Spider:1 | 27685 ||| Stepping ~*~*~tactically~*~*~ (stealth).
 27686 | Spider:1 | 27686 ||| Stepping ~*~*~tactically~*~*~ (stealth).
 27687 | Spider:1 | 27687 ||| Stepping ~*~*~tactically~*~*~ (stealth).
 27813 | Spider:1 | 27813 ||| INVOKING Berserk.
 27893 | Spider:1 | Reached skill level 15 in Shields
 27918 | Spider:1 | 27918 ||| INVOKING Berserk.
 28065 | Spider:1 | Reached skill level 18 in Axes
 28077 | Spider:1 | 28077 ||| INVOKING Berserk.
 28416 | Spider:1 | 28416 ||| DROPPING +3 plate armour.
 28417 | Spider:1 | 28417 ||| DROPPING amulet of guardian spirit.
 28445 | Spider:2 | 28445 ||| Stepping ~*~*~tactically~*~*~ (hiding).
 28502 | Spider:2 | 28502 ||| Stepping ~*~*~tactically~*~*~ (stealth).
 28517 | Spider:2 | 28517 ||| INVOKING Brothers in Arms.
 28521 | Spider:2 | 28521 ||| INVOKING Brothers in Arms.
 28595 | Spider:2 | 28595 ||| READING scroll of enchant armour.
 28595 | Spider:2 | 28595 ||| ENCHANTING +0 pair of gloves.
 28603 | Spider:2 | 28603 ||| Stepping ~*~*~tactically~*~*~ (stealth).
 28684 | Spider:2 | Reached skill level 16 in Shields
 28751 | Spider:2 | 28751 ||| Stepping ~*~*~tactically~*~*~ (stealth).
 28787 | Spider:2 | 28787 ||| DRINKING potion of resistance.
 28796 | Spider:2 | 28796 ||| INVOKING Berserk.
 28801 | Spider:2 | Reached skill level 6 in Throwing
 28871 | Spider:2 | Identified the +0 pair of gloves of Tubrigog {Harm Will+++
                  | Regen+ Int-4}
 29010 | Spider:2 | 29010 ||| Stepping ~*~*~tactically~*~*~ (hiding).
 29049 | Spider:2 | 29049 ||| FLEEEEING.
 29193 | Spider:3 | 29193 ||| STAIRDANCE
 29201 | Spider:3 | 29201 ||| INVOKING Brothers in Arms.
 29315 | Spider:3 | 29315 ||| Stepping ~*~*~tactically~*~*~ (stealth).
 29416 | Spider:3 | 29416 ||| INVOKING Berserk.
 29419 | Spider:3 | Reached skill level 17 in Shields
 29576 | Spider:3 | 29576 ||| INVOKING Berserk.
 29582 | Spider:3 | 29582 ||| INVOKING Brothers in Arms.
 29586 | Spider:3 | Reached XP level 17. HP: 157/166 MP: 16/16
 29768 | Spider:3 | 29768 ||| Stepping ~*~*~tactically~*~*~ (stealth).
 29775 | Spider:3 | 29775 ||| INVOKING Brothers in Arms.
 29806 | Spider:3 | 29806 ||| INVOKING Berserk.
 29937 | Spider:3 | 29937 ||| READING scroll of brand weapon.
 29937 | Spider:3 | 29937 ||| BRANDING +2 broad axe of draining.
 30092 | Spider:3 | 30092 ||| INVOKING Brothers in Arms.
 30353 | Spider:3 | 30353 ||| Stepping ~*~*~tactically~*~*~ (hiding).
 30354 | Spider:3 | 30354 ||| INVOKING Brothers in Arms.
 30568 | Spider:3 | 30568 ||| INVOKING Berserk.
 30761 | Spider:3 | 30761 ||| PLANNING SWAMP:1-3
 30873 | Swamp:1  | Entered Level 1 of the Swamp
 30877 | Swamp:1  | 30877 ||| SWAPPING to +0 morningstar.
 30878 | Swamp:1  | 30878 ||| SWAPPING to +2 broad axe of freezing.
 30879 | Swamp:1  | 30879 ||| SWAPPING to +0 morningstar.
 30880 | Swamp:1  | 30880 ||| INVOKING Berserk.
 30908 | Swamp:1  | 30908 ||| SWAPPING to +2 broad axe of freezing.
 31015 | Swamp:1  | 31015 ||| Stepping ~*~*~tactically~*~*~ (hiding).
 31129 | Swamp:1  | 31129 ||| READING scroll of enchant armour.
 31129 | Swamp:1  | 31129 ||| ENCHANTING +1 pair of gloves.
 31140 | Swamp:1  | 31140 ||| INVOKING Berserk.
 31143 | Swamp:1  | Reached skill level 18 in Shields
 31309 | Swamp:1  | 31309 ||| Stepping ~*~*~tactically~*~*~ (stealth).
 31319 | Swamp:1  | 31319 ||| Stepping ~*~*~tactically~*~*~ (water).
 31490 | Swamp:2  | 31490 ||| INVOKING Berserk.
 31517 | Swamp:2  | 31517 ||| FLEEEEING.
 31518 | Swamp:2  | 31518 ||| FLEEEEING.
 31519 | Swamp:2  | 31519 ||| STAIRDANCE
 31625 | Swamp:2  | 31625 ||| SWAPPING to +0 morningstar.
 31626 | Swamp:2  | 31626 ||| INVOKING Berserk.
 31630 | Swamp:2  | Noticed Donald
 31642 | Swamp:2  | HP: 38/166 [Donald/+1 war axe of electrocution (16)]
 31643 | Swamp:2  | 31643 ||| READING 16 scrolls of teleportation.
 31643 | Swamp:2  | HP: 18/166 [seven-headed hydra (5)]
 31644 | Swamp:2  | 31644 ||| DRINKING 2 potions of heal wounds.
 31645 | Swamp:2  | 31645 ||| DRINKING potion of heal wounds.
 31647 | Swamp:2  | 31647 ||| READING 15 scrolls of teleportation.
 31648 | Swamp:2  | 31648 ||| SWAPPING to +2 broad axe of freezing.
 31648 | Swamp:2  | HP: 13/166 [bog body/bolt of cold (15)]
 31649 | Swamp:2  | 31649 ||| Stepping ~*~*~tactically~*~*~ (cloud).
 31650 | Swamp:2  | 31650 ||| READING 14 scrolls of teleportation.
 31650 | Swamp:2  | HP: 1/166 [spriggan rider/+0 spear (11)]
 31651 | Swamp:2  | 31651 ||| Stepping ~*~*~tactically~*~*~ (water).
 31684 | Swamp:2  | 31684 ||| Stepping ~*~*~tactically~*~*~ (stealth).
 31748 | Swamp:2  | 31748 ||| Stepping ~*~*~tactically~*~*~ (stealth).
 31752 | Swamp:2  | 31752 ||| Stepping ~*~*~tactically~*~*~ (stealth).
 31753 | Swamp:2  | 31753 ||| Stepping ~*~*~tactically~*~*~ (stealth).
 31761 | Swamp:2  | 31761 ||| Stepping ~*~*~tactically~*~*~ (stealth).
 31762 | Swamp:2  | 31762 ||| Stepping ~*~*~tactically~*~*~ (stealth).
 31764 | Swamp:2  | 31764 ||| Stepping ~*~*~tactically~*~*~ (stealth).
 31792 | Swamp:2  | 31792 ||| Stepping ~*~*~tactically~*~*~ (stealth).
 31792 | Swamp:2  | HP: 38/166 [bog body/bolt of cold (18)]
 31793 | Swamp:2  | 31793 ||| Stepping ~*~*~tactically~*~*~ (hiding).
 31794 | Swamp:2  | 31794 ||| Stepping ~*~*~tactically~*~*~ (hiding).
 31795 | Swamp:2  | 31795 ||| READING 13 scrolls of teleportation.
 31796 | Swamp:2  | 31796 ||| Stepping ~*~*~tactically~*~*~ (hiding).
 31797 | Swamp:2  | 31797 ||| INVOKING Berserk.
 31999 | Swamp:2  | 31999 ||| INVOKING Berserk.
 32047 | Swamp:2  | 32047 ||| INVOKING Berserk.
 32120 | Swamp:2  | 32120 ||| Stepping ~*~*~tactically~*~*~ (stealth).
 32150 | Swamp:2  | 32150 ||| Stepping ~*~*~tactically~*~*~ (stealth).
 32155 | Swamp:2  | 32155 ||| INVOKING Berserk.
 32245 | Swamp:2  | 32245 ||| INVOKING Berserk.
 32249 | Swamp:2  | Killed Donald
 32432 | Swamp:2  | 32432 ||| Stepping ~*~*~tactically~*~*~ (hiding).
 32433 | Swamp:2  | 32433 ||| Stepping ~*~*~tactically~*~*~ (hiding).
 32533 | Swamp:2  | 32533 ||| Stepping ~*~*~tactically~*~*~ (stealth).
 32535 | Swamp:2  | 32535 ||| Stepping ~*~*~tactically~*~*~ (hiding).
 32701 | Swamp:2  | 32701 ||| Stepping ~*~*~tactically~*~*~ (stealth).
 32708 | Swamp:2  | 32708 ||| Stepping ~*~*~tactically~*~*~ (stealth).
 32715 | Swamp:2  | 32715 ||| Stepping ~*~*~tactically~*~*~ (stealth).
 32731 | Swamp:2  | 32731 ||| Stepping ~*~*~tactically~*~*~ (stealth).
 32737 | Swamp:2  | 32737 ||| Stepping ~*~*~tactically~*~*~ (stealth).
 32740 | Swamp:2  | 32740 ||| SWAPPING to +0 morningstar.
 32741 | Swamp:2  | 32741 ||| INVOKING Berserk.
 32749 | Swamp:2  | 32749 ||| SWAPPING to +2 broad axe of freezing.
 33022 | Swamp:2  | 33022 ||| SWAPPING to +0 morningstar.
 33023 | Swamp:2  | 33023 ||| INVOKING Berserk.
 33036 | Swamp:2  | 33036 ||| SWAPPING to +2 broad axe of freezing.
 33238 | Swamp:3  | 33238 ||| STAIRDANCE
 33245 | Swamp:3  | 33245 ||| STAIRDANCE
 33288 | Swamp:3  | Noticed Aizul
 33289 | Swamp:3  | 33289 ||| STAIRDANCE
 33305 | Swamp:3  | 33305 ||| STAIRDANCE
 33315 | Swamp:3  | 33315 ||| STAIRDANCE
 33317 | Swamp:2  | 33317 ||| INVOKING Trog's Hand.
 33318 | Swamp:2  | 33318 ||| INVOKING Berserk.
 33327 | Swamp:2  | Killed Aizul
 33436 | Swamp:3  | 33436 ||| INVOKING Berserk.
 33573 | Swamp:3  | Reached skill level 15 in Armour
 33609 | Swamp:3  | 33609 ||| Stepping ~*~*~tactically~*~*~ (hiding).
 33616 | Swamp:3  | 33616 ||| Stepping ~*~*~tactically~*~*~ (cloud).
 33620 | Swamp:3  | 33620 ||| Stepping ~*~*~tactically~*~*~ (cloud).
 33621 | Swamp:3  | 33621 ||| INVOKING Berserk.
 33937 | Swamp:3  | Found a transporter.
 33962 | Swamp:3  | 33962 ||| Stepping ~*~*~tactically~*~*~ (hiding).
 33966 | Swamp:3  | 33966 ||| Stepping ~*~*~tactically~*~*~ (hiding).
 33973 | Swamp:3  | Reached skill level 19 in Shields
 33990 | Swamp:3  | 33990 ||| SWAPPING to +0 morningstar.
 33991 | Swamp:3  | 33991 ||| INVOKING Berserk.
 34019 | Swamp:3  | 34019 ||| SWAPPING to +2 broad axe of freezing.
 34161 | Swamp:3  | 34161 ||| SWAPPING to +0 morningstar.
 34163 | Swamp:3  | 34163 ||| INVOKING Berserk.
 34183 | Swamp:3  | 34183 ||| SWAPPING to +2 broad axe of freezing.
 34318 | Swamp:3  | 34318 ||| Stepping ~*~*~tactically~*~*~ (hiding).
 34320 | Swamp:3  | 34320 ||| Stepping ~*~*~tactically~*~*~ (cloud).
 34321 | Swamp:3  | 34321 ||| INVOKING Berserk.
 34339 | Swamp:3  | 34339 ||| SWAPPING to +0 morningstar.
 34340 | Swamp:3  | 34340 ||| Stepping ~*~*~tactically~*~*~ (water).
 34341 | Swamp:3  | HP: 41/166 [eight-headed hydra[a spriggan druid] (15)]
 34341 | Swamp:3  | HP: 10/166 [eight-headed hydra[a spriggan druid] (11)]
 34341 | Swamp:3  | Mangled by an eight-headed hydra

Levels and vault maps discovered:
D:1:      dpeg_arrival_rhombus, layout_rooms, minmay_misc_feat_room,
          chequers_mini_garden, feat_on_display
D:2:      layout_loops_ring, hellmonk_ecumenical_altar_pennies_from_heaven,
          uniq_robin, uniq_terence
D:3:      minmay_chambers_of_threes, layout_rooms, minmay_shallow_snake_nest,
          uniq_sigmund
D:4:      layout_cave_pods, serial_shops, nicolae_shop_crystal, minmay_ruptured,
          uniq_natasha
D:5:      layout_loops_corners, uniq_edmund
D:6:      layout_basic, hangedman_abyss_or_decor_stabs, uniq_prince_ribbit1,
          uniq_blork_the_orc
D:7:      layout_gridville, chequers_temple_overflow_statue_of_worship,
          mainiacjoe_overflow_alcove_2, minmay_temple_entry_hall,
          enter_bailey_3, corexii_corridor_pit, dreamdust_gnoll_shepherd,
          uniq_crazy_yiuf_cottage
D:8:      layout_rooms, trog_hazing_becter, uniq_pikel
D:9:      layout_basic, xom_shifter_show, mainiacjoe_overflow_six_doors_small,
          david_lair_shrubbed, erik_orc_3, st_stairs_3, uniq_maggie
D:10:     layout_cave_pods, uniq_urug, uniq_amaemon, uniq_fannar
D:11:     layout_roguey, uniq_maurice
D:12:     layout_cave_pools, small_statue_intersection
D:13:     layout_loops_corners, erik_vaults_2, nicolae_water_bricks,
          elves_outpost_lemuel
D:14:     layout_loops_ring, minmay_guarded_unrand_curses
D:15:     hangedman_depths_entry_civil_slaughter, layout_basic,
          gammafunk_ghost_grave, lightli_airlock, uniq_rupert
Lair:1:   layout_hall_layers, nzn_ghost_randoct
Lair:2:   layout_roguey, palyth_hydra_swamp_entry, lemuel_fruit_tree,
          grunt_megastairs_1
Lair:3:   layout_roguey, spider_nest_entry_webs
Lair:4:   layout_cave_pods, beast_lair_carwin_3
Lair:5:   evil_forest, layout_loops_ring, slime_entry_1, uniq_kirke
Swamp:1:  layout_basic_swamp, evilmike_swamp_ruin_wall,
          infiniplex_staircase_pool
Swamp:2:  layout_basic_swamp, evilmike_swamp_ruin_house_1, swamp_pool3,
          nicolae_swamp_feature_on_the_river_bank, uniq_donald
Swamp:3:  gammafunk_sealed_arena, layout_basic_swamp,
          evilmike_swamp_ruin_house_2, swamp_pool3, infiniplex_staircase_pool_2,
          uniq_aizul
Spider:1: nicolae_spider_jumping_over_cracks [nicolae_spider_jumping_sub_lake,
          nicolae_spider_jumping_sub_moat, nicolae_spider_jumping_sub_lake,
          nicolae_spider_jumping_sub_no_exit], hellmonk_test_site
Spider:2: layout_spider_delve, hangedman_spider_tarantella_strand
Spider:3: nicolae_spider_hilbert_zone_7 [nicolae_spider_hilbert_4_sides_1_open,
          nicolae_spider_hilbert_4_sides_1_open,
          nicolae_spider_hilbert_4_sides_1_open,
          nicolae_spider_hilbert_4_sides_1_open,
          nicolae_spider_hilbert_3_sides_1_open,
          nicolae_spider_hilbert_3_sides_1_open,
          nicolae_spider_hilbert_3_sides_1_open,
          nicolae_spider_hilbert_3_sides_1_open,
          nicolae_spider_hilbert_4_sides_1_open,
          nicolae_spider_hilbert_4_sides_1_open,
          nicolae_spider_hilbert_4_sides_1_open,
          nicolae_spider_hilbert_2_sides_1_open,
          nicolae_spider_hilbert_2_sides_1_open,
          nicolae_spider_hilbert_2_sides_1_open,
          nicolae_spider_hilbert_2_sides_1_open,
          nicolae_spider_hilbert_2_sides_1_open,
          nicolae_spider_hilbert_2_sides_1_open]
Orc:1:    emtedronai_trogs_sanctum, layout_diamond_mine, basic_altar
Orc:2:    grunt_orc_cross, layout_caves

Skill      XL: |  1  2  3  4  5  6  7  8  9 10 11 12 13 14 15 16 17 |
---------------+----------------------------------------------------+-----
Axes           | 4 5 7 8 9 10 12 14 16 17 18 | 18.0
Fighting       | 4 6 7 8 9 13 15 16 18 | 18.8
Armour         | 3 4 5 6 9 12 14 15 | 15.6
Throwing       | 1 3 5 6 8 |  8.3
Dodging        | 3 5 6 8 11 12 | 12.0
Shields        | 10 17 19 | 19.0

Action                   |  1- 3 |  4- 6 |  7- 9 | 10-12 | 13-15 | 16-18 || total
-------------------------+-------+-------+-------+-------+-------+-------++-------
Melee: Hand axe          |    88 |   155 |    78 |       |       |       ||   321
       Headbutt          |    15 |    12 |    23 |    65 |   154 |   217 ||   486
       Punch             |     1 |       |     2 |     7 |     5 |       ||    15
       War axe           |       |       |    84 |   302 |   286 |       ||   672
       Flail             |       |       |       |    19 |    19 |       ||    38
       Broad axe         |       |       |       |       |   271 |   735 ||  1006
       Morningstar       |       |       |       |       |       |    53 ||    53
Throw: Boomerang         |       |       |    44 |    72 |       |    39 ||   155
       Javelin           |       |       |       |       |    67 |    61 ||   128
Invok: Berserk           |     2 |     5 |    16 |    22 |    13 |    31 ||    89
       Brothers in Arms  |       |       |       |     5 |     7 |     9 ||    21
       Trog's Hand       |       |       |       |       |     3 |     5 ||     8
  Use: Scroll            |     3 |     6 |    10 |     6 |     8 |     9 ||    42
       Potion            |       |     3 |     4 |     1 |     1 |     5 ||    14
Armor: Animal skin       |     3 |       |       |       |       |       ||     3
       Ring mail         |     6 |    10 |       |       |       |       ||    16
       Chain mail        |       |    50 |    37 |    74 |   137 |    27 ||   325
       Scale mail        |       |       |     2 |     4 |       |       ||     6
       Plate armour      |       |       |       |       |       |   162 ||   162
Dodge: Dodged            |    33 |    39 |    36 |   145 |   317 |   276 ||   846
Block: Other             |       |       |    15 |    45 |    55 |       ||   115
       Reflection        |       |       |     1 |     3 |    14 |    19 ||    37
       Tower shield      |       |       |       |       |    76 |   979 ||  1055
       Buckler           |       |       |       |       |    26 |       ||    26

Table legend:
 A = Non-vault XP
 B = Vault XP
 C = Vault XP percentage of total XP
 D = Non-vault monster count
 E = Vault monster count
 F = Vault count percentage of total count
                 A         B        C        D         E       F
            +---------+---------+-------+---------+---------+-------
      Total |  178653 |   68786 |  27.8 |     752 |     228 |  23.3
            +---------+---------+-------+---------+---------+-------
        D:1 |      52 |       0 |   0.0 |      28 |       0 |   0.0
        D:2 |      61 |      70 |  53.4 |      27 |      12 |  30.8
        D:3 |     115 |     274 |  70.4 |      15 |      19 |  55.9
        D:4 |     292 |      41 |  12.3 |      13 |       3 |  18.8
        D:5 |    1225 |     157 |  11.4 |      22 |       1 |   4.3
        D:6 |     790 |     381 |  32.5 |      22 |       2 |   8.3
        D:7 |     620 |     655 |  51.4 |      10 |       8 |  44.4
        D:8 |    1923 |     706 |  26.9 |      16 |       7 |  30.4
        D:9 |    3569 |    2060 |  36.6 |      20 |      22 |  52.4
       D:10 |    1501 |    2865 |  65.6 |      20 |       4 |  16.7
       D:11 |    2456 |     503 |  17.0 |       9 |       1 |  10.0
       D:12 |    8063 |       0 |   0.0 |      28 |       0 |   0.0
       D:13 |    2951 |   11479 |  79.5 |       6 |      16 |  72.7
       D:14 |    7973 |    1411 |  15.0 |      18 |       8 |  30.8
       D:15 |    5679 |    5689 |  50.0 |      11 |       7 |  38.9
     Lair:1 |    7841 |       0 |   0.0 |      28 |       0 |   0.0
     Lair:2 |    4734 |    2879 |  37.8 |      15 |       7 |  31.8
     Lair:3 |    4789 |     372 |   7.2 |      19 |       2 |   9.5
     Lair:4 |   12781 |    2021 |  13.7 |      56 |       7 |  11.1
     Lair:5 |   15063 |   11769 |  43.9 |      61 |      30 |  33.0
    Swamp:1 |   12561 |       0 |   0.0 |      29 |       0 |   0.0
    Swamp:2 |   20417 |    2657 |  11.5 |      33 |       2 |   5.7
    Swamp:3 |   10937 |     735 |   6.3 |      16 |       1 |   5.9
   Spider:1 |   18496 |    3958 |  17.6 |      51 |      15 |  22.7
   Spider:2 |   16682 |     283 |   1.7 |      53 |       1 |   1.9
   Spider:3 |    9200 |   10143 |  52.4 |      20 |      21 |  51.2
      Orc:1 |    5727 |       0 |   0.0 |      77 |       0 |   0.0
      Orc:2 |    2155 |    7678 |  78.1 |      29 |      32 |  52.5
            +---------+---------+-------+---------+---------+-------
